 Dungeon Crawl Stone Soup version 0.24.0-2-g5b39cebb1c (webtiles) character file.

Game seed: 6858203547452936850, levelgen mode: deterministic

7158 Mrkan the Grappler (level 10, -1/102 HPs)
             Began as a Troll Monk on Oct 30, 2019.
             Was the Champion of Elyvilon.
             Killed by the air
             ... invoked by Gastronok
              (30 damage)
             ... on level 10 of the Dungeon.
             The game lasted 00:15:57 (8430 turns).

Mrkan the Grappler (Troll Monk)                     Turns: 8430, Time: 00:15:58

Health: -1/102     AC:  6    Str: 21    XL:     10   Next: 86%
Magic:  9/14       EV: 10    Int:  8    God:    Elyvilon [******]
Gold:   488        SH:  0    Dex: 13    Spells: 9/9 levels left

rFire    . . .     SeeInvis .     - Unarmed
rCold    . . .     Gourm    +   (no shield)
rNeg     . . .     Faith    .   a - +0 robe
rPois    .         Spirit   .   (helmet restricted)
rElec    .         Reflect  .   (no cloak)
rCorr    .         Harm     .   (gloves unavailable)
MR       .....                  (boots unavailable)
Stlth    ++........             (no amulet)
HPRegen  0.67/turn              (no ring)
MPRegen  0.14/turn              (no ring)

@: no status effects
A: large, unfitting armour, claws 3, fast metabolism 3, gourmand, regeneration
1, shaggy fur 1, tough skin 3
a: Lesser Healing, Heal Other, Purification, Greater Healing, Divine Vigour,
Divine Protection, Renounce Religion


You were on level 10 of the Dungeon.
You worshipped Elyvilon.
Elyvilon was exalted by your worship.
You were very full.

You visited 1 branch of the dungeon, and saw 10 of its levels.
You also visited: Ossuary.

You collected 488 gold pieces.

Inventory:

Armour
 a - a +0 robe (worn)
Jewellery
 d - an uncursed ring of poison resistance {unknown}
 v - an uncursed amulet of faith {unknown}
 w - an uncursed ring of poison resistance {unknown}
Wands
 k - a wand of scattershot (7)
 q - a wand of digging (3)
 E - a wand of paralysis (2)
 F - a wand of polymorph (7)
Scrolls
 c - 7 scrolls of remove curse {unknown}
 g - 5 scrolls of magic mapping {unknown}
 h - 2 scrolls of fear {unknown}
 l - 9 scrolls of identify {unknown}
 m - 3 scrolls of enchant armour {unknown}
 n - a scroll of immolation {unknown}
 p - a scroll of fog {unknown}
 r - 2 scrolls of teleportation {unknown}
 t - a scroll of enchant weapon {unknown}
 y - 4 scrolls of blinking {unknown}
 z - 2 scrolls of noise {unknown}
 A - 4 scrolls of random uselessness {unknown}
Potions
 e - 2 potions of brilliance {unknown}
 f - 4 potions of lignification {unknown}
 i - a potion of agility
 j - 6 potions of curing {unknown}
 o - 2 potions of mutation {unknown}
 s - 8 potions of degeneration {unknown}
 u - 2 potions of flight {unknown}
 x - a potion of heal wounds {unknown}
 B - a potion of might
 C - a potion of invisibility
Comestibles
 b - 16 rations


   Skills:
 + Level 7.5 Fighting
 - Level 2.4 Dodging
 - Level 1.0 Stealth
 * Level 12.1 Unarmed Combat
 + Level 7.3 Invocations


You had 9 spell levels left.
You didn't know any spells.
Your spell library contained the following spells:

 Spells                   Type           Power        Failure   Level  Hunger
 Animate Skeleton         Necr           N/A          41%         1    ##.....
 Apportation              Tloc           #.....       41%         1    ##.....
 Confusing Touch          Hex            #.....       41%         1    ##.....
 Summon Small Mammal      Summ           #...         41%         1    ##.....


Dungeon Overview and Level Annotations

Branches:
Dungeon (10/15)            Temple (0/1) D:7             Orc (0/2) D:9
Ossuary (visited)
   Lair: D:8-11

Altars:
Ashenzari
Dithmenos
Elyvilon
Fedhas
Gozag
Hepliaklqana
Qazlal
Sif Muna
Trog
Wu Jian
Xom
The Shining One

Annotations:
D:10 Gastronok


Innate Abilities, Weirdness & Mutations

You are too large for most types of armour.
You have claws for hands.
Your metabolism is lightning-fast.
You like to eat raw meat.
Your natural rate of healing is unusually fast.
You are covered in fur. (AC +1)
You have extremely tough skin. (AC +3)


Message History

The wyvern skeleton bites you!
You mangle the wyvern skeleton!!
You destroy the wyvern skeleton!
Gastronok waves his eye-stalks in wide circles.
The air twists around and strikes you!!
* * * LOW HITPOINT WARNING * * *
You scratch the worker ant.
The worker ant is lightly wounded.
The worker ant bites you.
* * * LOW HITPOINT WARNING * * *
You barely miss the worker ant.
The worker ant is lightly wounded.
The worker ant bites you.
* * * LOW HITPOINT WARNING * * *
You mangle the worker ant!!
You kill the worker ant!
A bullfrog zombie comes into view.
Gastronok waves his eye-stalks in wide circles.
The air twists around and strikes you!!
You die...

#....)...)...
#####w...#...
##†#...#
#w####.(#
#.######...
#....# #.
##...###
####.#.H..#
#....##@.##
##....<...#
#........##
###.....#.#
#.......##
#.##Z...## #
##..## #...
#...


You could see Gastronok, a hippogriff and a bullfrog zombie.

Vanquished Creatures
  A catoblepas (D:9)
  A two-headed ogre (D:8)
  A manticore (D:9)
  Joseph (D:8)
  Maurice (D:8)
  A wyvern (D:8)
  4 yaks
  A basilisk (D:9)
  2 soldier ants (D:8)
  2 ice beasts
  An orc warrior (D:8)
  A sky beast (D:7)
  2 phantoms
  6 ogres
  A centaur (D:5)
  5 bullfrogs
  A wyvern skeleton (D:10)
  3 scorpions
  3 wights
  4 howler monkeys
  3 crimson imps
  2 jellies
  5 hounds
  2 orc priests (D:7)
  3 centaur skeletons
  An iguana (D:4)
  7 orc wizards
  9 worker ants
  A hound skeleton (D:8)
  4 mummies (Ossuary)
  A worker ant zombie (D:7)
  11 gnolls
  11 adders
  3 shadow imps
  An ooze (D:2)
  An adder zombie (D:6)
  4 worms
  2 dart slugs
  21 orcs
  6 giant cockroaches
  5 hobgoblins
  3 jackals (D:2)
  3 kobolds
  3 quokkas
  A ball python (D:1)
  5 bats
  3 frilled lizards
  7 goblins
  2 hobgoblin zombies (Ossuary)
  A kobold zombie (Ossuary)
  5 orc zombies (Ossuary)
  5 rats
  A rat zombie (D:5)
  3 toadstools (D:1)
187 creatures vanquished.

Vanquished Creatures (others)
  A toadstool (D:1)
1 creature vanquished.

Grand Total: 188 creatures vanquished

Notes
Turn   | Place    | Note
-------+----------+-------------------------------------------
     0 | D:1      | Mrkan the Troll Monk began the quest for the Orb.
     0 | D:1      | Reached XP level 1. HP: 22/22 MP: 0/0
   117 | D:1      | Reached XP level 2. HP: 29/29 MP: 1/1
   935 | D:2      | Reached XP level 3. HP: 15/36 MP: 2/2
   944 | D:2      | Reached skill level 4 in Unarmed Combat
  1193 | D:2      | Reached XP level 4. HP: 45/45 MP: 3/3
  1338 | D:2      | Found a faded altar of an unknown god.
  1640 | D:3      | Found an opulent altar of Gozag.
  1712 | D:3      | Found a white marble altar of Elyvilon.
  1731 | D:3      | Became a worshipper of Elyvilon the Healer
  1731 | D:3      | Reached * piety under Elyvilon
  1731 | D:3      | Reached ** piety under Elyvilon
  2289 | D:4      | Reached skill level 5 in Unarmed Combat
  2289 | D:4      | Reached XP level 5. HP: 29/53 MP: 4/4
  2377 | D:4      | Reached skill level 1 in Invocations
  2564 | D:4      | Reached *** piety under Elyvilon
  2772 | D:4      | Reached XP level 6. HP: 61/61 MP: 6/6
  2945 | D:5      | Entered Level 5 of the Dungeon
  3039 | D:5      | Found a hazy altar of Hepliaklqana.
  3040 | D:5      | Found a shimmering altar of Xom.
  3040 | D:5      | Noticed a hungry ghost
  3041 | D:5      | Noticed a hungry ghost
  3041 | D:5      | Noticed a spectral ugly thing
  3140 | D:5      | Reached skill level 6 in Unarmed Combat
  3265 | D:5      | Reached **** piety under Elyvilon
  3296 | D:5      | Reached XP level 7. HP: 58/70 MP: 7/7
  3331 | D:5      | Found a sand-covered staircase.
  3341 | Ossuary  | Entered an ossuary
  3590 | D:5      | Found a glowing golden altar of the Shining One.
  3880 | D:5      | Found an ornate altar of the Wu Jian Council.
  4125 | D:6      | Reached skill level 7 in Unarmed Combat
  4324 | D:6      | Reached XP level 8. HP: 79/79 MP: 9/9
  4508 | D:6      | Reached ***** piety under Elyvilon
  4524 | D:6      | Reached skill level 5 in Fighting
  4524 | D:6      | Reached skill level 8 in Unarmed Combat
  4780 | D:6      | Found a stormy altar of Qazlal.
  4781 | D:6      | Noticed an air elemental
  5333 | D:7      | Found a staircase to the Ecumenical Temple.
  5375 | D:7      | Found a bloodstained altar of Trog.
  5399 | D:7      | Reached skill level 9 in Unarmed Combat
  5741 | D:8      | Reached XP level 9. HP: 88/88 MP: 11/11
  5793 | D:8      | Noticed Maurice
  5821 | D:8      | Killed Maurice
  5821 | D:8      | Reached skill level 5 in Invocations
  5981 | D:8      | Found a shadowy altar of Dithmenos.
  6127 | D:8      | Noticed Joseph
  6142 | D:8      | Elyvilon protects you from harm!
  6152 | D:8      | Killed Joseph
  6152 | D:8      | Reached skill level 10 in Unarmed Combat
  6373 | D:8      | Noticed a two-headed ogre
  6470 | D:8      | Killed a two-headed ogre
  6470 | D:8      | Reached XP level 10. HP: 36/100 MP: 13/13
  6844 | D:8      | Reached skill level 11 in Unarmed Combat
  7278 | D:9      | Noticed a two-headed ogre
  7293 | D:9      | Pacified a two-headed ogre
  7421 | D:9      | Found a blossoming altar of Fedhas.
  7441 | D:9      | Found a shattered altar of Ashenzari.
  7514 | D:9      | Noticed a catoblepas
  7525 | D:9      | Killed a catoblepas
  7911 | D:9      | Noticed a manticore
  7973 | D:9      | Killed a manticore
  7973 | D:9      | Reached skill level 12 in Unarmed Combat
  8205 | D:9      | Reached ****** piety under Elyvilon
  8258 | D:9      | Found a staircase to the Orcish Mines.
  8318 | D:9      | Found a shimmering blue altar of Sif Muna.
  8388 | D:10     | Entered Level 10 of the Dungeon
  8399 | D:10     | Noticed Gastronok
  8430 | D:10     | Killed from afar by Gastronok

Levels and vault maps discovered:
D:1:      ldierk_water_garden, layout_basic, minmay_splitting_lines
D:2:      cheibrodos_old_hovel, layout_basic, chequers_ecumenical_altar_island,
          minmay_misc_feat_nine_boxes
D:3:      layout_rooms, elyvilon_altar_3, first_ration, roderic_serpentine_path,
          minivault_24, nicolae_gozag_cash_rules_everything_around_me
D:4:      layout_basic, minmay_strange_pillars
D:5:      layout_basic, regret_index_temple_of_mockery, marbit_many_paths,
          lemuel_doored_altar, enter_ossuary_3
D:6:      layout_basic, nicolae_qazlal_style_of_elements
D:7:      layout_loops_ring, minmay_temple_entry_mini_moons, trog_book
D:8:      layout_loops_ring, grunt_dithmenos_smoke_and_mirrors,
          hangedman_pestilent_swarm, nrook_uturn, uniq_joseph, uniq_maurice
D:9:      layout_irregular_city, kennysheep_little_box, lemuel_blue_sif_altar,
          overflow_temple_1_default, orc_0_dummy, kb_rosetta
D:10:     layout_big_octagon, uniq_gastronok

Skill      XL: |  1  2  3  4  5  6  7  8  9 10 |
---------------+-------------------------------+-----
Unarmed Combat | 4 5 6 7 9 10 12 | 12.1
Fighting       | 3 4 5 6 7 |  7.5
Invocations    | 1 2 3 4 6 7 |  7.3
Dodging        | |  2.4
Stealth        | |  1.0

Action                   |  1- 3 |  4- 6 |  7- 9 | 10-12 || total
-------------------------+-------+-------+-------+-------++-------
Melee: Unarmed           |    91 |   116 |   265 |   112 ||   584
       Punch             |       |     3 |    12 |     5 ||    20
Invok: Greater Healing   |       |       |     2 |       ||     2
       Heal Other        |       |       |       |     1 ||     1
  Use: Potion            |       |       |     1 |       ||     1
 Stab: Sleeping          |     2 |     3 |     5 |     1 ||    11
  Eat: Chunk             |    13 |    19 |    24 |    22 ||    78
       Ration            |     1 |       |       |       ||     1
Armor: Robe              |    37 |    37 |    51 |    24 ||   149
       Skin              |       |       |     2 |       ||     2
Dodge: Dodged            |    49 |    61 |    80 |    51 ||   241
